 Dungeon Crawl Stone Soup version 0.29-a0-830-gcb1280458a (webtiles) character file.

Game seed: 10144041604412822888

4 Locuples the Trooper (level 1, 0/18 HPs)
             Began as a Demonspawn Berserker on July 12, 2022.
             Was a Follower of Trog.
             Slain by a gnoll
             ... wielding a +0 club
              (8 damage)
             ... on level 1 of the Dungeon.
             The game lasted 00:00:18 (196 turns).

Locuples the Trooper (Demonspawn Berserker)          Turns: 196, Time: 00:00:19

Health: 0/18       AC:  2    Str: 17    XL:     1   Next: 50%
Magic:  1/1        EV: 12    Int:  8    God:    Trog [*.....]
Gold:   57         SH:  0    Dex: 12    Spells: 0/0 levels left

rFire   . . .      SeeInvis .   a - +0 hand axe
rCold   . . .      Faith    .   (no shield)
rNeg    . . .      Spirit   .   b - +0 animal skin
rPois   .          Reflect  .   (no helmet)
rElec   .          Harm     .   (no cloak)
rCorr   .          Rampage  .   (no gloves)
Will    .....                   (no boots)
Stlth   +.........              (no amulet)
HPRegen 0.06/turn               (no ring)
MPRegen 0.07/turn               (no ring)

@: no status effects
A: no striking features
a: Renounce Religion, Berserk


You were on level 1 of the Dungeon.
You worshipped Trog.
Trog was aware of your devotion.
You visited 1 branch of the dungeon, and saw 1 of its levels.

You collected 57 gold pieces.

Inventory:

Hand Weapons
 a - a +0 hand axe (weapon)
Armour
 b - a +0 animal skin (worn)


   Skills:
 + Level 3.1 Fighting
 + Level 2.8 Axes
 + Level 1.8 Armour
 + Level 1.8 Dodging


You couldn't memorise any spells.
You didn't know any spells.
Your spell library was empty.

Dungeon Overview and Level Annotations

Branches:
Dungeon (1/15)

Altars:


Message History

You now have 25 gold pieces (gained 11).
You now have 30 gold pieces (gained 5).
You now have 40 gold pieces (gained 10).
There is a fountain of sparkling water here.
You now have 57 gold pieces (gained 17).
A kobold comes into view. It is wielding a +0 club.
A kobold is nearby!
The kobold shouts!
The kobold hits you with a +0 club.
You hit the kobold.
You kill the kobold!
Trog accepts your kill.
You see here a +0 club.
HP restored.
You see here a +0 club.
A giant cockroach comes into view.
The giant cockroach bites you but does no damage.
You hit the giant cockroach.
You kill the giant cockroach!
Trog accepts your kill.
An endoplasm comes into view.
The endoplasm quivers.
An endoplasm is nearby!
The endoplasm hits you but does no damage.
You hit the endoplasm.
The endoplasm is almost dead.
The endoplasm freezes you.
You are frozen.
You slash the endoplasm!
You kill the endoplasm!
Trog accepts your kill.
Found a plate armour.
An endoplasm and a gnoll come into view.
Found a stone staircase leading down.
There are monsters nearby!
The gnoll hits you with a +0 club!
The endoplasm quivers.
You barely miss the gnoll. You barely miss the endoplasm.
The endoplasm closely misses you. The gnoll hits you with a +0 club!
You die...

............#.
............#.
########....#. ####.#.
#.#.
#+###############.#.
#####...................
.........###############
.......@........ ....
......gJ.###.### ####
.....[...# .......>..
##########. .# . ..


You could see a gnoll and an endoplasm.

Vanquished Creatures
  An endoplasm (D:1)
  A giant cockroach (D:1)
  A ball python (D:1)
  A kobold (D:1)
4 creatures vanquished.

Notes
Turn   | Place    | Note
-------+----------+-------------------------------------------
     0 | D:1      | Locuples the Demonspawn Berserker began the quest for the
                  | Orb.
     0 | D:1      | Reached XP level 1. HP: 18/18 MP: 1/1
   196 | D:1      | Slain by a gnoll

Illustrated notes

Levels and vault maps discovered:
D:1:      ebering_trefoil_3fold, layout_basic, dreamdust_wishing_well,
          nicolae_wormholes

Action                   || total
-------------------------++-------
Melee: Hand axe          ||     6
Armor: Animal skin       ||     2
Dodge: Dodged            ||     1

Table legend: (Time is in decaauts)
 A = Elapsed time spent in this place.
 B = Non-inter-level travel time spent in this place.
 C = Inter-level travel time spent in this place.
 D = Time resting spent in this place.
 E = Time spent auto-exploring this place.
 F = Levels seen in this place.
 G = Mean time per level.
                   A        B        C        D        E       F      G
               +--------+--------+--------+--------+--------+-----+--------+
         Total |    196 |    196 |      0 |      0 |    167 |   1 |  196.0 |
       Dungeon |    196 |    196 |      0 |      0 |    167 |   1 |  196.0 |
               +--------+--------+--------+--------+--------+-----+--------+

Top non-repeatable levels by time:
     D:1: 196 daAuts
